 Dungeon Crawl Stone Soup version 0.30-a0-1160-g6e42c06551 (webtiles) character file.

Game seed: 9027003376389137727

2122231 jt the Hoplite (level 27, 253/261 HPs)
             Began as a Hill Orc Cinder Acolyte on Apr 25, 2023.
             Was a Follower of Ignis.
             Escaped with the Orb
             ... and 4 runes on Apr 27, 2023!
             The game lasted 04:50:26 (80710 turns).

jt the Hoplite (Hill Orc Cinder Acolyte)           Turns: 80710, Time: 04:50:26

Health: 253/261    AC: 38    Str: 25    XL:     27
Magic:  30/30      EV: 14    Int: 25    God:    Ignis [*.....]
Gold:   5415       SH: 18    Dex: 15    Spells: 16/40 levels left

rFire   + + .        b - +9 broad axe (holy)
rCold   + + +        M - +0 kite shield {reflect}
rNeg    + . .        t - +4 storm dragon scales
rPois   +            r - +2 helmet {Int+3}
rElec   +            C - scarf {rC+ rF+}
rCorr   +            A - +2 pair of gloves {Dex+3}
SInv    .            N - +2 pair of boots
Will    ++++.        D - amulet of Kyeq {Faith rElec rPois rN+ Int+3} Stlth
                     R - ring of Past Mistakes {+Blink rC+ Will+ rCorr Str-3}
HPRegen 0.63/turn    O - ring "Hunanlell" {rC+ Will+ Str+3 Int+3 Dex+2}
MPRegen 0.22/turn

%: reflection, faith
@: no status effects
A: low MP 1
0: Orb of Zot
}: 4/15 runes: decaying, serpentine, silver, abyssal
a: Renounce Religion, Evoke Blink, Fiery Armour, Foxfire Swarm, Rising Flame


You escaped.
You worshipped Ignis.
Ignis was aware of your devotion.
You visited 12 branches of the dungeon, and saw 52 of its levels.
You visited the Abyss 1 time.
You visited 1 ziggurat, and saw 9 of its levels.
You also visited: Ossuary, Bailey, Ice Cave and Wizlab.

You collected 8090 gold pieces.
You spent 2675 gold pieces at shops.

Inventory:

Hand Weapons
 a - a +9 broad axe of flaming
 b - a +9 broad axe of holy wrath (weapon)
 d - the +9 staff of Olgreb {rPois∞}
   (You took it off a spriggan rider on level 3 of the Depths)

   It enhances your poison magic.
   It grants immunity to poison.
   It can be activated via the 'a'bility menu to radiate toxic energy, with
   effectiveness depending on Evocations skill.
 e - the +8 hand crossbow "Toujelem" {speed, rC+ rN+ Int+5 Dex-4 SInv}
   (You subdued it in a wizard's laboratory)

   Int:       It affects your intelligence (+5).
   Dex:       It affects your dexterity (-4).
   rC:        It protects you from cold.
   rN:        It protects you from negative energy.
   SInv:      It lets you see invisible.
Missiles
 h - 7 curare-tipped darts
 p - 5 throwing nets
 q - 4 silver javelins
Armour
 r - a +2 helmet of intelligence (worn)
 t - +4 storm dragon scales (worn)
 A - a +2 pair of gloves of dexterity (worn)
 C - a scarf of resistance (worn)
 M - a +0 kite shield of reflection (worn)
 N - a +2 pair of boots (worn)
Jewellery
 x - the ring "Urirgh" {Str+3 Int+6}
   (You found it on level 5 of the Vaults)

   [ring of intelligence]

   Str:       It affects your strength (+3).
   Int:       It affects your intelligence (+6).
 D - the amulet of Kyeq (around neck) {Faith rElec rPois rN+ Int+3}
   (You took it off a deep elf annihilator on level 5 of the Vaults)

   [amulet of faith]

   It allows you to gain divine favour quickly.
   Int:       It affects your intelligence (+3).
   rElec:     It insulates you from electricity.
   rPois:     It protects you from poison.
   rN:        It protects you from negative energy.
 K - the amulet "Yhudell" {Spirit Will+ Stlth+}
   (You took it off a vault warden on level 4 of the Vaults)

   [amulet of guardian spirit]

   It causes incoming damage to be divided between your reserves of health and
   magic.
   Will:      It increases your willpower.
   Stlth:     It makes you more stealthy.
 O - the ring "Hunanlell" (right hand) {rC+ Will+ Str+3 Int+3 Dex+2}
   (You found it on level 5 of a ziggurat)

   [ring of willpower]

   Str:       It affects your strength (+3).
   Int:       It affects your intelligence (+3).
   Dex:       It affects your dexterity (+2).
   rC:        It protects you from cold.
   Will:      It increases your willpower.
 R - the ring of Past Mistakes (left hand) {+Blink rC+ Will+ rCorr Str-3}
   (You took it off a vault guard on level 5 of the Vaults)

   [ring of protection from cold]

   Str:       It affects your strength (-3).
   rC:        It protects you from cold.
   +Blink:    It lets you blink.
   rCorr:     It protects you from acid and corrosion.
   Will:      It increases your willpower.
 Z - a ring of positive energy
Wands
 f - a wand of mindburst (23)
 E - a wand of digging (23)
 F - a wand of polymorph (7)
 I - a wand of charming (45)
 V - a wand of iceblast (12)
 X - a wand of quicksilver (19)
Scrolls
 l - a scroll of acquirement
 m - 7 scrolls of butterflies
 o - 21 scrolls of teleportation
 s - 7 scrolls of poison
 u - 12 scrolls of fog
 y - 3 scrolls of silence
 B - 4 scrolls of magic mapping
 H - 5 scrolls of immolation
 J - 9 scrolls of blinking
 L - 11 scrolls of vulnerability
 S - 7 scrolls of fear
Potions
 j - 2 potions of haste
 k - 3 potions of berserk rage
 n - 7 potions of cancellation
 v - 2 potions of heal wounds
 z - 15 potions of curing
 G - 10 potions of magic
 P - 9 potions of ambrosia
 Q - 13 potions of mutation
 U - 6 potions of brilliance
 Y - 4 potions of resistance
Miscellaneous
 g - a box of beasts
 i - a lightning rod (4/4)
 w - the horn of Geryon (inert)
 T - a phantom mirror (inert)
 W - a condenser vane


   Skills:
 + Level 24.1 Fighting
 - Level 18.0 Axes
 - Level 5.0 Staves
 - Level 6.0 Throwing
 + Level 25.7 Armour
 - Level 10.1 Dodging
 + Level 26.2 Shields
 + Level 7.0 Spellcasting
 + Level 6.6 Conjurations
 + Level 11.3 Translocations
 - Level 6.0 Fire Magic
 - Level 5.0 Air Magic
 + Level 17.0 Evocations


You had 16 spell levels left.
You knew the following spells:

 Your Spells              Type           Power      Damage    Failure   Level
a - Scorch                Fire           76%        2d8       1%          2
b - Foxfire               Conj/Fire      100%       2x1d9     1%          1
c - Blink                 Tloc           100%       N/A       1%          2
d - Manifold Assault      Tloc           60%        N/A       1%          4
e - Passage of Golubria   Tloc           60%        N/A       1%          4
f - Vhi's Electric Charg  Tloc/Air       98%        N/A       1%          3
g - Teleport Other        Tloc           60%        N/A       1%          3
h - Iskenderun's Mystic   Conj/Tloc      52%        2d11      4%          4
i - Apportation           Tloc           100%       N/A       1%          1

Your spell library contained the following spells:

 Spells                   Type           Power      Damage    Failure   Level
 Magic Dart               Conj           100%       1d8       1%          1
 Shock                    Conj/Air       100%       1d9       1%          1
 Lesser Beckoning         Tloc           100%       N/A       1%          2
 Momentum Strike          Conj/Tloc      100%       3d10      1%          2
 Searing Ray              Conj           84%        2d7       1%          2
 Gell's Gravitas          Tloc           60%        N/A       1%          3
 Volatile Blastmotes      Fire/Tloc      100%       2d18      1%          3
 Static Discharge         Conj/Air       76%        2-6/arc   2%          2
 Kiss of Death            Conj/Necr      100%       2d13      4%          1
 Portal Projectile        Hex/Tloc       74%        N/A       4%          3
 Swiftness                Air            33%        N/A       6%          3
 Mephitic Cloud           Conj/Pois/Air  28%        N/A       10%         3
 Cigotuvi's Dreadful Rot  Necr/Pois/Air  34%        N/A       12%         2
 Dazzling Flash           Conj/Hex       50%        N/A       12%         3
 Hailstorm                Conj/Ice       25%        3d7       12%         3
 Stone Arrow              Conj/Erth      50%        3d10      12%         3
 Flame Wave               Conj/Fire      40%        2d11      12%         4
 Sticky Flame             Conj/Fire      40%        2d6       12%         4
 Inner Flame              Hex/Fire       23%        N/A       14%         3
 Beastly Appendage        Tmut           16%        N/A       16%         1
 Freeze                   Ice            32%        1d5       16%         1
 Necrotise                Necr           32%        1d5       16%         1
 Sandblast                Erth           16%        2d6       16%         1
 Sting                    Tmut/Pois      32%        1d4       16%         1
 Summon Small Mammal      Summ           32%        N/A       16%         1
 Airstrike                Air            16%        2d(3-19)  21%         4
 Ignite Poison            Fire/Tmut/Pois 18%        N/A       22%         3
 Call Imp                 Summ           16%        N/A       24%         2
 Ensorcelled Hibernation  Hex/Ice        16%        N/A       24%         2
 Passwall                 Tmut/Erth      6%         N/A       24%         2
 Sublimation of Blood     Necr           8%         N/A       24%         2
 Wereblood                Tmut           8%         N/A       24%         2
 Iskenderun's Battlesphe  Conj           42%        2d9       28%         5
 Fireball                 Conj/Fire      20%        3d10      32%         5
 Fulminant Prism          Conj/Hex       12%        3d8       38%         4
 Arcjolt                  Conj/Air       19%        1d29      38%         5
 Summon Forest            Summ/Tloc      18%        N/A       41%         5
 Call Canine Familiar     Summ           8%         N/A       43%         3
 Frozen Ramparts          Ice            16%        1d3       43%         3
 Spider Form              Tmut/Pois      8%         N/A       43%         3
 Summon Guardian Golem    Hex/Summ       8%         N/A       43%         3
 Tukima's Dance           Hex            8%         N/A       43%         3
 Vampiric Draining        Necr           8%         2d6       43%         3
 Summon Lightning Spire   Summ/Air       21%        N/A       50%         4
 Irradiate                Conj/Tmut      12%        3d15      75%         5
 Anguish                  Hex/Necr       4%         N/A       85%         4
 Animate Armour           Summ/Erth      16%        N/A       85%         4
 Animate Dead             Necr           8%         N/A       85%         4
 Cause Fear               Hex            4%         N/A       85%         4
 Dispel Undead            Necr           8%         3d8       85%         4
 Leda's Liquefaction      Hex/Erth       4%         N/A       85%         4
 Petrify                  Tmut/Erth      8%         N/A       85%         4
 Summon Ice Beast         Ice/Summ       8%         N/A       85%         4
 Silence                  Hex/Air        10%        N/A       85%         5
 Starburst                Conj/Fire      20%        6d7       88%         6
 Conjure Ball Lightning   Conj/Air       19%        3x3d6     92%         6
 Plasma Beam              Fire/Air       18%        2x1d32    95%         6
 Agony                    Necr           8%         N/A       99%         5
 Blade Hands              Tmut           4%         N/A       99%         5
 Borgnjor's Vile Clutch   Necr/Erth      4%         N/A       99%         5
 Lee's Rapid Deconstruct  Erth           4%         3d5*      99%         5
 Metabolic Englaciation   Hex/Ice        4%         N/A       99%         5
 Summon Mana Viper        Hex/Summ       8%         N/A       99%         5
 Yara's Violent Unravell  Hex/Tmut       4%         3d4       99%         5
 Iron Shot                Conj/Erth      12%        9d3       99%         6
 Death Channel            Necr           4%         N/A       100%        6
 Simulacrum               Ice/Necr       4%         N/A       100%        6
 Statue Form              Tmut/Erth      5%         N/A       100%        6
 Summon Cactus Giant      Summ           4%         N/A       100%        6
 Dragon Form              Tmut           4%         N/A       100%        7
 Haunt                    Necr/Summ      4%         N/A       100%        7
 Monstrous Menagerie      Summ           4%         N/A       100%        7
 Orb of Destruction       Conj           21%        9d8       100%        7
 Ozocubu's Refrigeration  Ice            4%         4d8       100%        7
 Spellforged Servitor     Conj/Summ      12%        N/A       100%        7
 Storm Form               Tmut/Air       10%        N/A       100%        7
 Summon Hydra             Summ           4%         N/A       100%        7
 Borgnjor's Revivificati  Necr           4%         N/A       100%        8
 Discord                  Hex            4%         N/A       100%        8
 Disjunction              Tloc           30%        N/A       100%        8
 Ignition                 Fire           19%        3d7       100%        8
 Infestation              Necr           4%         N/A       100%        8
 Lehudib's Crystal Spear  Conj/Erth      12%        10d4      100%        8
 Chain Lightning          Conj/Air       19%        3d25      100%        9
 Dragon's Call            Summ           4%         N/A       100%        9
 Fire Storm               Conj/Fire      20%        8d5       100%        9
 Polar Vortex             Ice            4%         N/A       100%        9
 Shatter                  Erth           4%         3d7*      100%        9


Dungeon Overview and Level Annotations

Branches:
Dungeon (15/15)            Temple (1/1) D:6            Lair (5/5) D:10
  Swamp (4/4) Lair:3        Snake (4/4) Lair:2        Slime (0/5) Lair:4
    Orc (2/2) D:10            Elf (3/3) Orc:2        Vaults (5/5) D:13
  Crypt (3/3) Vaults:2       Tomb (0/3) Crypt:3      Depths (4/4) D:15
   Hell (visited)             Zot (5/5) Depths:4    Ossuary (visited)
 Bailey (visited)           IceCv (visited)          WizLab (visited)
    Dis: Hell:1         Geh: Hell:1         Coc: Hell:1         Tar: Hell:1

Altars:
Ashenzari
Cheibriados
Dithmenos
Elyvilon
Fedhas
Gozag
Hepliaklqana
Kikubaaqudgha
Makhleb
Nemelex Xobeh
Okawaru
Qazlal
Ru
Sif Muna
Trog
Uskayaw
Vehumet
Wu Jian
Xom
Yredelemnul
Zin
The Shining One
Beogh
Jiyva
Lugonu

Shops:
D:3 ?(=(?   D:7 [   D:9 (   D:10 [   Orc:2 **((   Elf:1 *   Snake:3 (?[
Vaults:1 (   Vaults:2 *   Vaults:4 [

Portals:
Hell: Depths:1 Depths:2 Depths:3 Depths:4
Abyss: Lair:5 Depths:1 Depths:2 Depths:3
Pandemonium: Depths:2
Trove: Vaults:3 (give 6 scrolls of blinking)

Annotations:
Elf:2 3 runed translucent doors
Vaults:1 1 runed translucent door, Qotsoore's ghost, adept DsFi
Crypt:2 Grunn
Zot:3 3 runed translucent doors, Juesuu's ghost, legendary DrCj


Innate Abilities, Weirdness & Mutations

Your magical capacity is low. (-10% MP)


Message History

The demonspawn corrupter moves out of view.
There is a stone staircase leading up here.
You start resting.
A balrug and 3 sun demons come into view.
The balrug is wielding a +2 demon whip of draining.
The sun demon shouts! x2
The demonspawn corrupter calls forth creatures from the Tomb of the Ancients!
You climb upwards.
There is a stone staircase leading down here.
(D) Dungeon (T) Temple (L) Lair (S) Swamp (P) Snake Pit (M) Slime Pits (O) Orcish Mines (E) Elven Halls (V) Vaults (C) Crypt (W) Tomb (U) Depths (H) Hell (Z) Zot
Where to? (Enter - D:1 @ (x,y), ? - help)
What level of the Dungeon? (default 1, ? - help)
There is a stone staircase leading up here.
You climb upwards.
The sentinel's mark upon you fades away.
There is a stone staircase leading down here.
There is a stone staircase leading up here.
You climb upwards.
There is a stone staircase leading down here.
There is a stone staircase leading up here.
You climb upwards.
There is a stone staircase leading down here.
There is a stone staircase leading up here.
You climb upwards.
There is a stone staircase leading down here.
There is a stone staircase leading up here.
You climb upwards.
There is a stone staircase leading down here.
There is a stone staircase leading up here.
You climb upwards.
There is a stone staircase leading down here.
There is a stone staircase leading up here.
You climb upwards.
There is a stone staircase leading down here.
There is an open door here.
There is a staircase leading out of the dungeon here.
You have escaped!

####.#........##........#........
...#.#...##...##...##...#.....###
...#.#..####..##..####..#........
...#.#..####..##..####..#......##
.....#...##...##...##...#........
.....#..................##.......
###..##................###......#
......######..##..######.#.......
##...#######..##@.######.........
#.#.##................###.##....
#...#..................#........
##.#.#...##...##...##...#..####..
.#.#.#..####..##..####..#..#.##..
.#.#.#..####..##..####..#.....#..
...#.#...##...##...##...#.....#..
##.#.#........##........#.....#..
.....#'......####......'#........


There were no monsters in sight!

Vanquished Creatures
  2 dread liches
  4 orbs of fire
  3 ancient liches
  Mennas (Vaults:5)
  Sojobo (Depths:3)
  A juggernaut (Depths:3)
  Josephina (Crypt:1)
  Margery (Depths:2)
  Bai Suzhen (Vaults:3)
  A Killer Klown (Zot:4)
  Xtahua (Vaults:5)
  9 golden dragons
  2 curse toes (Zot:3)
  Geryon (Hell)
  2 pearl dragons (Zig:6)
  A bone dragon (Crypt:2)
  A hellephant (Abyss:3)
  3 electric golems
  A shard shrike zombie (Crypt:3)
  Jorgrun (D:15)
  A Hell Sentinel (D:9)
  14 tentacled monstrosities
  5 liches
  The ghost of Ge0ff the Phalangite, an adept OgCK of Okawaru (Swamp:2)
  23 Orb Guardians
  6 titans
  7 death cobs
  6 quicksilver dragons
  A walking divine tome (WizLab)
  5 sphinxes
  2 deep elf blademasters (Elf:3)
  3 ancient champions
  2 deep elf master archers (Elf:3)
  An Executioner (D:15)
  2 tentacled starspawn
  3 revenants (Crypt:3)
  12 shadow dragons
  8 tengu reavers
  A thorn hunter (Swamp:1)
  12 storm dragons
  2 strange machines (WizLab)
  Donald (Vaults:1)
  6 nagarajas
  Kirke (Swamp:4)
  A draconian knight (Zot:2)
  3 draconian monks
  An azure jelly (Swamp:4)
  8 frost giants
  20 vault wardens
  6 deep elf sorcerers
  7 ghouls
  3 fire giants
  A spectral caustic shrike (Crypt:3)
  3 curse skulls
  4 deep elf elementalists
  A ghost moth (Zot:5)
  2 iron dragons
  A balrug (Depths:4)
  7 draconian scorchers
  6 draconian shifters
  An orc warlord (Vaults:2)
  A caustic shrike zombie (D:15)
  Louise (D:15)
  2 reapers
  2 caustic shrike skeletons
  A draconian stormcaller (Zot:4)
  A cacodemon (D:15)
  14 stone giants
  20 ironbound preservers
  2 angels (Depths:2)
  A war gargoyle (Zig:7)
  7 draconian annihilators
  3 ophanim (Zig:6)
  3 vampire knights
  24 very ugly things
  8 green draconians
  4 spark wasps
  12 deep elf demonologists
  8 ironbound thunderhulks
  An apis (Zig:6)
  3 eleionomae (Swamp:3)
  A putrid mouth (Crypt:2)
  6 black draconians
  11 red draconians
  8 white draconians
  8 yellow draconians
  9 purple draconians
  10 deep elf annihilators
  23 dire elephants
  11 ettins
  A bunyip (Swamp:2)
  9 eidola
  4 spectral quicksilver dragons (Crypt:3)
  Snorg (D:12)
  9 deep elf death magi
  A spectral golden dragon (Crypt:3)
  A quicksilver dragon zombie (Crypt:1)
  7 fire dragons
  A spectral spriggan (Crypt:3)
  9 deep elf high priests
  7 jiangshi
  14 yaktaur captains
  2 entropy weavers (Vaults:3)
  7 great orbs of eyes
  5 salamander tyrants
  29 vault guards
  2 spriggan air magi (Depths:3)
  6 ice dragons
  6 ogre magi
  A peacekeeper (Vaults:4)
  6 rakshasas
  12 hydras
  6 centaur warriors
  2 catoblepae (Lair:4)
  The ghost of Glaciallarry the Grappler, a novice TrWr of Okawaru (D:9)
  5 alligators
  3 ghost crabs
  24 two-headed ogres
  6 ironbound frosthearts
  A satyr (shapeshifter) (Vaults:5)
  A death knight (Crypt:1)
  Erica (D:9)
  4 boulder beetles
  A radroach (shapeshifter) (Vaults:5)
  5 anacondas
  32 dancing weapons
  14 naga warriors
  9 spriggan berserkers
  2 shock serpents
  12 death yaks
  4 tengu warriors
  6 naga sharpshooters
  8 deep troll earth magi
  3 orc high priests
  9 deep troll shamans
  2 spectral dire elephants (Crypt:3)
  6 vampire magi
  A titan zombie (D:15)
  6 thrashing horrors
  2 spectral nagas (Crypt:3)
  A spectral storm dragon (Crypt:3)
  4 sun demons
  A shock serpent (shapeshifter) (Depths:4)
  20 deep elf knights
  A wretched star (Abyss:2)
  14 hell knights
  5 salamander mystics
  5 shadow wraiths
  18 skeletal warriors
  A soul eater (Crypt:1)
  2 spectral anacondas (Crypt:3)
  A sixfirhy (D:15)
  A fire crab (shapeshifter) (Lair:5)
  An anaconda zombie (Crypt:1)
  9 iron trolls
  5 glowing orange brains
  A spectral bunyip (Crypt:3)
  An elf simulacrum (Crypt:1)
  2 spatial maelstroms
  A spark wasp zombie (Depths:3)
  A spectral hydra (Crypt:3)
  A goliath frog (Swamp:3)
  10 flayed ghosts
  68 deep trolls
  5 naga ritualists
  3 swamp dragons
  6 bog bodies
  10 lindwurms
  19 ironbound convokers
  2 spriggan druids
  11 phantasmal warriors
  A jorogumo zombie (Crypt:2)
  14 deep elf archers
  7 sea snakes (Snake:2)
  4 wizards
  11 mana vipers
  A golden dragon skeleton (Crypt:3)
  9 necromancers
  5 harpies (Vaults:3)
  14 orc knights
  36 deep elf pyromancers
  An iron dragon zombie (Depths:3)
  A fire giant zombie (Depths:3)
  An oklob plant (Lair:2)
  13 salamanders
  29 deep elf zephyrmancers
  A wolf spider (D:11)
  8 cyclopes
  2 orc sorcerers
  2 spectral centaurs (Crypt:3)
  5 will-o-the-wisps
  A spectral ettin (Crypt:3)
  4 manticores
  52 ugly things
  25 elephants
  26 moths of wrath
  A guardian serpent (Snake:4)
  A frost giant skeleton (Depths:3)
  2 stone giant skeletons (D:15)
  31 black mambas
  2 ice statues (IceCv)
  29 vault sentinels
  A rust devil (D:6)
  3 smoke demons
  18 naga magi
  5 gargoyles
  An orange demon (Abyss:3)
  A hellion (Abyss:3)
  An unseen horror (Abyss:3)
  A pale draconian zombie (Crypt:3)
  A torpor snail (Lair:5)
  6 cane toads
  8 rime drakes
  11 komodo dragons
  2 ancient zymes
  Psyche (D:11)
  5 tengu conjurers
  21 freezing wraiths
  4 kobold demonologists
  A golden dragon simulacrum (Crypt:1)
  42 yaktaurs
  A guardian mummy (D:15)
  2 queen bees
  A hydra zombie (Crypt:2)
  A spectral harpy (Crypt:3)
  6 meliai (D:15)
  A mana viper skeleton (Crypt:3)
  12 trolls
  A harpy skeleton (Crypt:1)
  3 tyrant leeches
  26 blink frogs
  16 hornets
  A raiju (Abyss:3)
  A fire dragon zombie (Crypt:3)
  A hydra skeleton (Crypt:1)
  Grinder (D:4)
  A boulder beetle zombie (Crypt:1)
  9 dream sheep
  A dream sheep (shapeshifter) (Vaults:5)
  2 fire giant simulacra (Depths:1)
  A slime creature (shapeshifter) (Abyss:3)
  2 centaur simulacra
  4 shadows
  21 slime creatures
  19 spriggans
  6 air elementals
  A dire elephant simulacrum (Crypt:3)
  37 yaks
  A vampire (D:13)
  10 water elementals
  9 wraiths
  Eustachio (D:6)
  6 wyverns
  2 ynoxinuls
  6 hogs (Swamp:4)
  4 basilisks
  4 large abominations
  2 chaos spawn
  5 fire elementals
  2 hogs (shapeshifter)
  A black mamba skeleton (Crypt:2)
  A death yak simulacrum (D:13)
  A neqoxec (Abyss:3)
  A steam dragon (D:8)
  7 vampire mosquitoes
  3 swamp worm simulacra (Swamp:4)
  21 swamp worms
  A naga (shapeshifter) (Depths:3)
  A harpy simulacrum (Crypt:2)
  3 spatial vortices (Abyss:3)
  A two-headed ogre zombie (D:10)
  4 acid dragons
  4 wargs
  58 nagas
  15 hydra simulacra
  A floating eye (Depths:4)
  Duvessa (D:5)
  14 water moccasins
  2 floating eyes (shapeshifter)
  3 swamp drakes
  2 ice beasts
  20 orc warriors
  14 wolves
  9 boggarts
  29 ogres
  13 centaurs
  4 phantoms
  15 small abominations
  A vine stalker zombie (Crypt:1)
  16 bullfrogs
  2 kobold brigands
  Blork the orc (D:5)
  3 earth elementals
  4 necrophages
  A two-headed ogre simulacrum (Crypt:1)
  3 scorpions
  Dowan (D:5)
  A queen bee zombie (Crypt:3)
  2 troll zombies (D:10)
  32 killer bees
  4 lindwurm simulacra (IceCv)
  5 howler monkeys
  4 electric eels
  A centaur zombie (Crypt:2)
  4 komodo dragon simulacra (IceCv)
  A basilisk zombie (Crypt:2)
  2 jellies
  Crazy Yiuf (D:6)
  A hound (D:6)
  2 gnoll boudas
  15 orc priests
  A centaur skeleton (Crypt:2)
  Jessica (D:3)
  A human skeleton (Crypt:1)
  4 iguanas
  13 orc wizards
  6 hell rats (Lair:5)
  3 troll simulacra (D:13)
  A scorpion zombie (Crypt:3)
  4 spriggan simulacra
  A killer bee zombie (Crypt:2)
  A wolf simulacrum (D:13)
  5 ogre zombies (D:10)
  A tengu skeleton (Crypt:2)
  2 mummies
  Robin (D:3)
  A howler monkey skeleton (Crypt:2)
  4 adders
  9 gnolls
  A steam dragon zombie (Crypt:2)
  8 acid dragon simulacra (IceCv)
  2 naga simulacra (D:13)
  A white imp (Abyss:3)
  5 steam dragon simulacra (IceCv)
  An ufetubus (D:5)
  5 swamp drake simulacra (Swamp:4)
  4 dart slugs
  54 orcs
  7 bats
  6 endoplasms
  A giant cockroach (D:3)
  22 goblins
  10 hobgoblins
  3 jackals (D:3)
  22 kobolds
  2 quokkas
  10 ball pythons
  A ball python zombie (Crypt:3)
  2 frilled lizards
  6 gnoll skeletons
  3 goblin skeletons (D:10)
  3 hobgoblin skeletons (D:10)
  5 kobold skeletons (Ossuary)
  A kobold zombie (Crypt:1)
  18 orc skeletons
  16 orc zombies (D:10)
  6 rats
  A spectral hobgoblin (D:2)
  7 briar patches (Swamp:1)
  4 starspawn tentacles
2343 creatures vanquished.

Vanquished Creatures (collateral kills)
  An orb of fire (Zot:5)
  Frederick (Vaults:4)
  An Orb Guardian (Zot:5)
  A storm dragon (Zot:5)
  A vampire knight (Crypt:2)
  A spriggan berserker (Depths:1)
  An ironbound convoker (Vaults:5)
  A moth of wrath (Zot:5)
  A yaktaur (Vaults:5)
9 creatures vanquished.

Vanquished Creatures (others)
  A golden dragon (Zot:1)
  2 fire giants (Depths:3)
  An alligator (Swamp:3)
  A spriggan berserker (Depths:3)
  A spriggan druid (Swamp:4)
  2 deep elf pyromancers
  A deep elf zephyrmancer (Elf:3)
  A naga mage (Snake:1)
  A tengu conjurer (Depths:3)
  3 bloated husks (Swamp:3)
  A dire elephant simulacrum (Crypt:1)
  A fire elemental (Zig:9)
  A boggart (Vaults:1)
  An orc (D:8)
  15 foxfires
  32 fungi
  96 plants
  A spectral weapon (Vaults:3)
  3 starspawn tentacles
  7 withered plants (D:15)
172 creatures vanquished.

Grand Total: 2524 creatures vanquished

Notes
Turn   | Place    | Note
-------+----------+-------------------------------------------
     0 | D:1      | jt the Hill Orc Cinder Acolyte began the quest for the Orb.
     0 | D:1      | Reached XP level 1. HP: 19/19 MP: 2/2
   183 | D:1      | Reached XP level 2. HP: 22/27 MP: 3/3
   186 | D:1      | Learned a level 2 spell: Scorch
   511 | D:1      | Reached skill level 5 in Axes
   568 | D:1      | Reached XP level 3. HP: 33/33 MP: 4/4
  1600 | D:3      | Found Liligit's Weapon Emporium.
  1600 | D:3      | Noticed a +0 rapier
  1600 | D:3      | Noticed a +0 rapier
  1862 | D:3      | Noticed Robin
  1882 | D:3      | Reached XP level 4. HP: 36/41 MP: 5/5
  1898 | D:3      | Killed Robin
  1965 | D:3      | Noticed Jessica
  1972 | D:3      | Killed Jessica
  1973 | D:3      | Reached skill level 1 in Armour
  2132 | D:2      | Reached XP level 5. HP: 46/47 MP: 6/6
  2298 | D:2      | Found a faded altar of an unknown god.
  2311 | D:2      | You fall into a shaft and drop 2 floors!
  2346 | D:4      | Noticed an ogre
  2353 | D:4      | Killed an ogre
  2354 | D:4      | Reached skill level 5 in Fighting
  2354 | D:4      | Reached XP level 6. HP: 47/56 MP: 7/7
  2389 | D:4      | Noticed Grinder
  2390 | D:4      | Identified the +6 whip of the Sufficient God {holy, rF+
                  | Str+3 Dex+2}
  2486 | D:3      | Found Fapes's Magic Scroll Shop.
  2489 | D:3      | Bought a scroll of identify for 26 gold pieces
  2489 | D:3      | Bought a scroll of teleportation for 39 gold pieces
  2489 | D:3      | Bought a scroll of magic mapping for 97 gold pieces
  2489 | D:3      | Bought a scroll of poison for 52 gold pieces
  2895 | D:3      | Found Kimeakua's Jewellery Emporium.
  2901 | D:3      | Found Xotsunga's Antique Weapon Shoppe.
  3077 | D:3      | Found Ribrot's Magic Scroll Shoppe.
  3175 | D:4      | Paralysed by Grinder for 2 turns
  3181 | D:4      | Killed Grinder
  3182 | D:4      | Reached XP level 7. HP: 43/62 MP: 8/8
  3855 | D:5      | Entered Level 5 of the Dungeon
  3929 | D:5      | Reached XP level 8. HP: 65/71 MP: 6/9
  4386 | D:5      | Noticed Duvessa
  4386 | D:5      | Noticed Dowan
  4386 | D:5      | Noticed Blork the orc
  4455 | D:6      | Noticed an angel
  4459 | D:6      | Noticed Eustachio
  4486 | D:6      | Found a staircase to the Ecumenical Temple.
  4494 | D:6      | Killed Eustachio
  4495 | D:6      | Reached skill level 10 in Axes
  4525 | Temple   | Entered the Ecumenical Temple
  4888 | D:6      | Identified the +0 ring mail "Ecebaw" {rF+ Will+ Dex-4
                  | Slay+2}
  5243 | D:6      | Noticed a rust devil
  5317 | D:6      | Found a runed translucent door.
  5318 | D:6      | Noticed Crazy Yiuf
  5327 | D:6      | Killed Crazy Yiuf
  5433 | D:7      | Reached skill level 1 in Dodging
  5616 | D:7      | Reached XP level 9. HP: 68/79 MP: 10/10
  5704 | D:7      | Reached skill level 5 in Armour
  5735 | D:7      | Found Yradul's Armour Boutique.
  6383 | D:8      | Found a sand-covered staircase.
  6391 | Ossuary  | Entered an ossuary
  6607 | D:8      | Found a flagged portal.
  6617 | Bailey   | Entered a bailey
  6660 | Bailey   | Reached skill level 10 in Fighting
  6660 | Bailey   | Reached skill level 15 in Axes
  6660 | Bailey   | Reached XP level 10. HP: 94/94 MP: 11/11
  6716 | Bailey   | Reached skill level 1 in Evocations
  7039 | Bailey   | Noticed a two-headed ogre
  7080 | Bailey   | Killed a two-headed ogre
  7081 | Bailey   | Reached XP level 11. HP: 90/101 MP: 1/13
  7660 | D:9      | Found Vuujit's Antique Weapon Emporium.
  7749 | D:9      | Noticed Erica
  7757 | D:9      | Killed Erica
  7901 | D:9      | Found a transporter.
  7902 | D:9      | Found a transporter.
  7906 | D:9      | Noticed Glaciallarry's ghost (novice TrWr)
  8339 | D:9      | Found an iron altar of Okawaru.
  8339 | D:9      | Found a white marble altar of Elyvilon.
  8930 | D:5      | Killed Duvessa
  8950 | D:5      | Killed Dowan
  9175 | D:5      | Killed Blork the orc
  9287 | D:10     | Entered Level 10 of the Dungeon
  9290 | D:10     | Noticed a two-headed ogre
  9952 | D:10     | Found a staircase to the Orcish Mines.
 10105 | D:10     | Killed a two-headed ogre
 10379 | D:10     | Found Koduij's Armour Shoppe.
 10381 | D:10     | Found a staircase to the Lair.
 10417 | D:10     | Reached XP level 12. HP: 104/115 MP: 15/15
 10794 | Orc:1    | Entered Level 1 of the Orcish Mines
 10943 | Orc:2    | Entered Level 2 of the Orcish Mines
 11007 | Lair:1   | Entered Level 1 of the Lair of Beasts
 12913 | Lair:2   | Reached skill level 15 in Fighting
 12916 | Lair:2   | Noticed a seven-headed hydra
 12926 | Lair:2   | Killed a seven-headed hydra
 12941 | Lair:2   | Noticed a seven-headed hydra
 13164 | Lair:2   | Learned a level 1 spell: Foxfire
 13289 | Lair:2   | Reached skill level 1 in Conjurations
 13384 | Lair:3   | Found a staircase to the Swamp.
 13590 | D:3      | Bought the ring "Jigiasm" {rPois rF- rN+ Dex+6} for 577
                  | gold pieces
 14011 | D:11     | Noticed a two-headed ogre
 14016 | D:11     | Noticed a two-headed ogre
 14017 | D:11     | Noticed Psyche
 14019 | D:11     | Killed a two-headed ogre
 14020 | D:11     | Reached XP level 13. HP: 85/130 MP: 1/16
 14036 | D:11     | Killed Psyche
 16349 | D:12     | Identified the +4 ring mail of Grace {Str+4}
 16482 | D:12     | Noticed Snorg
 16490 | D:12     | Killed Snorg
 16636 | D:12     | Reached skill level 5 in Dodging
 17289 | Lair:2   | Found the +1 robe of Vines {NoPotionHeal Regen++++}
 17368 | Lair:2   | Reached XP level 14. HP: 142/146 MP: 17/17
 17449 | Lair:2   | Found a staircase to the Snake Pit.
 18577 | Lair:4   | Reached skill level 1 in Throwing
 18745 | Lair:4   | Found a staircase to the Slime Pits.
 19201 | Lair:4   | Reached skill level 10 in Armour
 19852 | Lair:4   | Learned a level 2 spell: Blink
 20047 | Lair:4   | Reached XP level 15. HP: 156/156 MP: 13/18
 20145 | Lair:5   | Entered Level 5 of the Lair of Beasts
 20197 | Lair:4   | Reached skill level 1 in Translocations
 21338 | Lair:5   | Identified the +3 glaive "Xeon" {freeze, *Corrode rN+
                  | Str+2}
 21490 | Lair:5   | Found a corrupted altar of Lugonu.
 21490 | Lair:5   | Found a one-way gate to the infinite horrors of the Abyss.
 21862 | D:9      | Killed Glaciallarry's ghost
 22007 | Orc:2    | Found a staircase to the Elven Halls.
 22075 | Orc:2    | Found Qupnupp's Assorted Antiques.
 22475 | D:13     | Found a frozen archway.
 22535 | IceCv    | Entered an ice cave
 22716 | IceCv    | Identified the staff of cold "Kelup" {rC+ Dex+2}
 23062 | IceCv    | Identified the ring of the Tempest {Fly rC+ Int+4}
 23245 | D:13     | Reached XP level 16. HP: 134/167 MP: 15/19
 23299 | D:13     | Reached skill level 5 in Evocations
 23333 | D:13     | Found a gate to the Vaults.
 24344 | D:14     | Reached skill level 5 in Translocations
 24593 | D:15     | Entered Level 15 of the Dungeon
 24602 | D:15     | Found a staircase to the Depths.
 24866 | D:15     | Noticed Jorgrun
 24873 | D:15     | Killed Jorgrun
 25183 | Snake:1  | Entered Level 1 of the Snake Pit
 26327 | Snake:2  | Noticed a nagaraja
 26364 | Snake:2  | Killed a nagaraja
 26507 | Snake:2  | Reached skill level 10 in Dodging
 26618 | Snake:2  | Reached XP level 17. HP: 157/176 MP: 20/20
 27045 | Snake:2  | Reached skill level 1 in Shields
 27052 | Snake:2  | Reached skill level 2 in Shields
 27137 | Snake:2  | Reached skill level 3 in Shields
 27248 | Snake:2  | Reached skill level 4 in Shields
 27492 | Snake:3  | Reached skill level 5 in Shields
 27583 | Snake:3  | Found Saacink's Antique Armour Emporium.
 27585 | Snake:3  | Found Obueclee's Magic Scroll Shoppe.
 27587 | Snake:3  | Found Wovvib's Weapon Emporium.
 27593 | Snake:3  | Bought a scroll of blinking for 142 gold pieces
 27599 | Snake:3  | Bought a pair of runed gloves for 255 gold pieces
 27723 | Snake:3  | Reached skill level 6 in Shields
 27867 | Snake:3  | Reached skill level 7 in Shields
 28391 | Snake:4  | Entered Level 4 of the Snake Pit
 28602 | Snake:4  | Reached skill level 8 in Shields
 28975 | Snake:4  | Reached skill level 9 in Shields
 29407 | Snake:4  | Reached skill level 10 in Shields
 29688 | Snake:4  | Reached skill level 11 in Shields
 30146 | Snake:4  | Got a serpentine rune of Zot
 30484 | Vaults:1 | Entered Level 1 of the Vaults
 30501 | Vaults:1 | Reached skill level 12 in Shields
 30505 | Vaults:1 | Reached XP level 18. HP: 184/184 MP: 21/21
 30673 | Vaults:1 | Reached skill level 13 in Shields
 30855 | Vaults:1 | Noticed Donald
 30869 | Vaults:1 | Killed Donald
 31197 | Vaults:1 | Reached skill level 14 in Shields
 31312 | Vaults:1 | Found a runed translucent door.
 31312 | Vaults:1 | Noticed Qotsoore's ghost (adept DsFi)
 31816 | Orc:2    | Found Wookh's General Store.
 31825 | Orc:2    | Found Sithu's Weapon Emporium.
 31826 | Orc:2    | Found Mufemiwk's Weapon Emporium.
 32107 | Orc:2    | Bought a jewelled silver wand for 120 gold pieces
 32113 | Orc:2    | Bought a scroll of magic mapping for 120 gold pieces
 32257 | Swamp:1  | Entered Level 1 of the Swamp
 32338 | Swamp:1  | Reached skill level 15 in Shields
 32864 | Swamp:2  | Found a large runed translucent door.
 32864 | Swamp:2  | Found a large runed translucent door.
 32865 | Swamp:2  | Noticed Ge0ff's ghost (adept OgCK)
 33330 | Swamp:2  | Reached skill level 5 in Fire Magic
 33430 | Swamp:2  | Identified the +1 robe of Warraru {Rampage *Corrode rF+
                  | Dex+4}
 33564 | Swamp:2  | Killed Ge0ff's ghost
 34218 | Swamp:4  | Entered Level 4 of the Swamp
 34377 | Swamp:4  | Noticed Kirke
 34488 | Swamp:4  | Killed Kirke
 34627 | Swamp:4  | Reached XP level 19. HP: 191/191 MP: 19/23
 34769 | Swamp:4  | Noticed a tentacled monstrosity
 34792 | Swamp:4  | Killed a tentacled monstrosity
 35329 | Swamp:4  | Identified the +3 scale mail of Day {rElec Str+2}
 35366 | Swamp:4  | Got a decaying rune of Zot
 35910 | Vaults:2 | Found a staircase to the Crypt.
 36040 | Vaults:2 | Reached skill level 10 in Evocations
 36148 | Vaults:2 | Reached skill level 16 in Shields
 36226 | Vaults:2 | Reached skill level 15 in Armour
 36953 | Vaults:2 | Found Myjidiaco's Assorted Antiques.
 36966 | Vaults:2 | Bought a sharpened copper wand for 180 gold pieces
 37666 | Vaults:2 | Reached skill level 17 in Shields
 37733 | Vaults:1 | Identified the +3 arbalest "Hege" {flame, rElec Will+++
                  | Str+3 Int-2}
 38006 | Vaults:1 | Found Rauzuh's Weapon Boutique.
 38716 | Vaults:3 | Reached XP level 20. HP: 184/200 MP: 24/24
 39004 | Vaults:3 | Found a portal to a secret trove of treasure.
 39132 | Vaults:3 | Reached skill level 18 in Shields
 39615 | Vaults:3 | Noticed Bai Suzhen
 39625 | Vaults:3 | Killed Bai Suzhen
 40823 | Vaults:4 | Noticed Frederick
 40838 | Vaults:4 | Killed Frederick
 41126 | Vaults:4 | Reached skill level 19 in Shields
 41199 | Vaults:4 | Found Efimnol's Armour Boutique.
 41624 | Vaults:4 | Identified the amulet "Yhudell" {Spirit Will+ Stlth+}
 41758 | Vaults:4 | Reached XP level 21. HP: 164/207 MP: 27/27
 42939 | D:15     | Noticed Louise
 42956 | D:15     | Killed Louise
 43318 | Depths:1 | Entered Level 1 of the Depths
 43662 | Depths:1 | Reached skill level 20 in Shields
 44177 | Depths:1 | You are sucked into a shaft and drop 1 floor!
 44177 | Depths:2 | Found a one-way gateway to a ziggurat.
 44755 | Depths:1 | Found a gateway to Hell.
 45638 | Elf:1    | Entered Level 1 of the Elven Halls
 46008 | Elf:1    | Got the Spellbook of Formation
 46063 | Elf:1    | Paralysed by an air elemental for 1 turns
 46106 | Elf:1    | Identified the +1 robe of Qoph {Harm Int+5 Slay-4}
 46108 | Elf:1    | Found Rukloe's General Store.
 46398 | Elf:1    | Reached skill level 21 in Shields
 46776 | Elf:1    | Found a roughly hewn altar of Beogh.
 46799 | Elf:1    | Found a corrupted altar of Lugonu.
 47007 | Elf:1    | Reached XP level 22. HP: 113/215 MP: 10/28
 47254 | Elf:2    | Paralysed by an air elemental for 1 turns
 47256 | Elf:2    | Paralysed by an air elemental for 1 turns
 48269 | Elf:3    | Entered Level 3 of the Elven Halls
 48457 | Elf:3    | Learned a level 4 spell: Manifold Assault
 48462 | Elf:3    | Learned a level 4 spell: Passage of Golubria
 49103 | Elf:2    | Found a runed translucent gate.
 49103 | Elf:2    | Found a runed translucent gate.
 49105 | Elf:2    | Found a runed translucent gate.
 50166 | Elf:3    | Identified the +5 hand axe of Youthful Indiscretion {heavy,
                  | rElec rPois rCorr Int-3}
 50167 | Elf:3    | Identified the +0 chain mail of the Butcher {rPois rC++
                  | Regen+ MP+9}
 50180 | Elf:3    | Paralysed by an air elemental for 1 turns
 50677 | Elf:3    | Got the Catalogue of Meteoric Interference
 50697 | Elf:3    | Got the Compendium of the Remoulded Curse
 50703 | Elf:3    | Identified the staff of cold "Tagin" {rPois rC+ Str+3
                  | Dex+4}
 50764 | Elf:3    | Reached skill level 22 in Shields
 50851 | Elf:3    | Learned a level 3 spell: Vhi's Electric Charge
 51238 | Depths:1 | Reached skill level 1 in Air Magic
 51796 | Depths:2 | Found a one-way gate leading to the halls of Pandemonium.
 52075 | Depths:2 | Found a shadowy altar of Dithmenos.
 52536 | Depths:2 | Found the +7 Throatcutter {drain, coup de grace}
 52957 | Depths:3 | Noticed Margery
 52975 | Depths:2 | Reached XP level 23. HP: 151/223 MP: 23/29
 53086 | Depths:2 | Killed Margery
 53222 | Depths:3 | Found a magical portal.
 53230 | WizLab   | Entered Tukima's Studio
 53248 | WizLab   | Identified the +8 hand crossbow "Toujelem" {speed, rC+ rN+
                  | Int+5 Dex-4 SInv}
 53499 | WizLab   | Noticed jt's illusion
 53499 | WizLab   | Identified the +7 longbow of Doom {speed, Drain Fly rElec}
 53504 | WizLab   | Reached skill level 5 in Spellcasting
 53505 | Abyss:2  | Found a corrupted altar of Lugonu.
 53505 | Abyss:2  | Cast into level 2 of the Abyss (+2 hand axe of distortion)
 53506 | Abyss:2  | Found a corrupted altar of Lugonu.
 53565 | Abyss:3  | Found a corrupted altar of Lugonu.
 53588 | Abyss:3  | Found a hazy altar of Hepliaklqana.
 53594 | Abyss:3  | Found a hazy altar of Hepliaklqana.
 53594 | Abyss:3  | Found a hazy altar of Hepliaklqana.
 53834 | Abyss:3  | Found a corrupted altar of Lugonu.
 53842 | Abyss:3  | Got an abyssal rune of Zot
 53889 | WizLab   | Escaped the Abyss
 53890 | WizLab   | Noticed jt's illusion
 54144 | Depths:3 | Noticed a golden dragon
 54176 | Depths:3 | Killed a golden dragon
 55183 | Depths:3 | Noticed a juggernaut
 55189 | Depths:3 | Noticed a golden dragon
 55357 | Depths:3 | Identified the +10 arbalest of Malaise {heavy, Fragile
                  | +Blink rPois Int+5}
 55357 | Depths:3 | Identified the +5 long sword of Frustration {venom, rC+
                  | Int+3}
 55376 | Depths:3 | Killed a juggernaut
 55377 | Depths:3 | Reached skill level 5 in Air Magic
 55520 | Depths:3 | Killed a golden dragon
 55701 | Depths:3 | Noticed Sojobo
 55726 | Depths:3 | Killed Sojobo
 55727 | Depths:3 | Reached skill level 23 in Shields
 55727 | Depths:3 | Reached skill level 10 in Translocations
 55847 | Depths:4 | Entered Level 4 of the Depths
 56552 | Depths:4 | Paralysed by a floating eye for 2 turns
 56631 | Depths:4 | Noticed a golden dragon
 56670 | Depths:4 | Killed a golden dragon
 56671 | Depths:4 | Reached XP level 24. HP: 188/231 MP: 27/30
 57995 | Depths:4 | Found a gate to the Realm of Zot.
 58453 | Zot:1    | Entered Level 1 of the Realm of Zot
 60413 | Vaults:2 | Bought a scroll of enchant weapon for 337 gold pieces
 60413 | Vaults:2 | Bought a wand of quicksilver (2) for 378 gold pieces
 61196 | D:3      | Bought a scroll of enchant weapon for 97 gold pieces
 61196 | D:3      | Bought a scroll of vulnerability for 52 gold pieces
 61554 | Hell     | Entered the Vestibule of Hell
 61554 | Hell     | Noticed Geryon
 61575 | Hell     | Killed Geryon
 61818 | Crypt:1  | Entered Level 1 of the Crypt
 61852 | Crypt:1  | Identified the ring of Giyrhor {Ice Drain rElec MP+9 Dex+4}
 61852 | Crypt:1  | Noticed Josephina
 62048 | Crypt:1  | Killed Josephina
 62661 | Crypt:1  | Reached skill level 24 in Shields
 63193 | Crypt:1  | Found an ancient bone altar of Kikubaaqudgha.
 63279 | Crypt:1  | Identified the +4 ring mail of Irazxacs {rF+}
 64160 | Crypt:2  | Noticed Grunn
 64225 | Crypt:3  | Entered Level 3 of the Crypt
 64639 | Crypt:3  | HP: 11/229 [poisoned by a skeletal warrior]
 65296 | Crypt:3  | Reached XP level 25. HP: 236/238 MP: 24/30
 65627 | Crypt:3  | Got the Grimoire of Evil
 65883 | Crypt:3  | Found a staircase to the Tomb.
 66262 | Crypt:3  | Identified the +0 lajatang "Titox" {flame, rN+ Dex+3}
 66309 | Crypt:3  | Identified the +11 quarterstaff of Ezicil {venom, rN+ rCorr
                  | Stlth+}
 66618 | Crypt:3  | Found the +4 Cigotuvi's embrace {Corpsefed rMiasma Drain
                  | rN+}
 67066 | Zig:1    | Entered Level 1 of a ziggurat
 67086 | Zig:2    | Entered Level 2 of a ziggurat
 67111 | Zig:3    | Entered Level 3 of a ziggurat
 67351 | Zig:4    | Entered Level 4 of a ziggurat
 67483 | Zig:5    | Entered Level 5 of a ziggurat
 67611 | Zig:5    | Identified the ring "Hunanlell" {rC+ Will+ Str+3 Int+3
                  | Dex+2}
 67619 | Zig:5    | Identified the staff of death "Hopod" {rN+ Int+3}
 67692 | Zig:6    | Entered Level 6 of a ziggurat
 67749 | Zig:6    | Identified the staff of conjuration "Put Zek" {Dex+3
                  | Stlth+}
 67840 | Zig:7    | Entered Level 7 of a ziggurat
 67849 | Zig:7    | Noticed a dread lich
 67867 | Zig:7    | Killed a dread lich
 67868 | Zig:7    | Reached skill level 25 in Shields
 67868 | Zig:7    | Reached skill level 15 in Evocations
 68146 | Zig:8    | Entered Level 8 of a ziggurat
 68170 | Zig:9    | Entered Level 9 of a ziggurat
 68798 | Zig:9    | Identified the +1 broad axe "Murmur" {freeze, Str+4}
 68808 | Zig:9    | Identified the staff of earth "Renib" {rElec rCorr}
 69044 | Zot:1    | Noticed an orb of fire
 69045 | Zot:1    | Gained mutation: Your magical capacity is low. (-10% MP)
                  | [an orb of fire]
 69053 | Zot:1    | Gained mutation: You sometimes lose your temper in combat.
                  | [an orb of fire]
 69067 | Zot:1    | Gained mutation: You have large cloven feet. [an orb of
                  | fire]
 69073 | Zot:1    | Killed an orb of fire
 69587 | Zot:1    | Identified the +9 scimitar of Instinct {heavy, rElec rCorr
                  | SInv Stlth-}
 70746 | Zot:3    | Found a runed translucent gate.
 70746 | Zot:3    | Found a runed translucent gate.
 70746 | Zot:3    | Found a runed translucent gate.
 70746 | Zot:3    | Noticed Juesuu's ghost (legendary DrCj)
 70752 | Zot:3    | Found a viscous altar of Jiyva.
 70927 | Zot:3    | Reached XP level 26. HP: 234/245 MP: 24/27
 70978 | Zot:3    | Reached skill level 1 in Staves
 72019 | D:3      | Bought a scroll of butterflies for 56 gold pieces
 72019 | D:3      | Bought a scroll of enchant armour for 105 gold pieces
 72019 | D:3      | Bought a scroll of teleportation for 42 gold pieces
 72350 | Vaults:5 | Entered Level 5 of the Vaults
 72383 | Vaults:5 | Noticed an ancient lich
 72458 | Vaults:5 | Noticed an ancient lich
 72471 | Vaults:5 | Killed an ancient lich
 72477 | Vaults:5 | Noticed Xtahua
 72505 | Vaults:5 | Killed Xtahua
 73491 | Vaults:5 | Identified the amulet of Kyeq {Faith rElec rPois rN+ Int+3}
 73495 | Vaults:5 | Killed an ancient lich
 73660 | Vaults:5 | Identified the ring "Urirgh" {Str+3 Int+6}
 73702 | Vaults:5 | Noticed Mennas
 73716 | Vaults:5 | Killed Mennas
 73731 | Vaults:5 | Identified the +8 mace of Anger {heavy, rF+ Int+3 Dex+3}
 73814 | Vaults:5 | Identified the +4 robe of the Worm {Int+2}
 73878 | Vaults:5 | Identified the +12 mace of Wisdom {freeze, rC+ Str+3}
 74250 | Vaults:5 | Got a silver rune of Zot
 74300 | Vaults:5 | Identified the +1 longbow of Dianoima {heavy, Str+4}
 74300 | Vaults:5 | Identified the +4 trident of Saltpetre {venom, Str+5 Int+2
                  | Stlth-}
 74300 | Vaults:5 | Identified the ring of Past Mistakes {+Blink rC+ Will+
                  | rCorr Str-3}
 74655 | Vaults:4 | Learned a level 3 spell: Teleport Other
 74660 | Vaults:4 | Learned a level 4 spell: Iskenderun's Mystic Blast
 74756 | Vaults:5 | Got the Compilation of Damaging Incandescence
 74991 | Vaults:5 | Reached XP level 27. HP: 259/259 MP: 26/28
 75162 | Vaults:5 | Identified the staff of conjuration "Upheasoi" {rElec Str+3
                  | SInv}
 75177 | Vaults:5 | Identified the staff of death "Doint" {rF+ rN+ Will+}
 75196 | Vaults:5 | Noticed a dread lich
 75204 | Vaults:5 | Killed a dread lich
 75928 | Zot:4    | Reached skill level 5 in Staves
 76044 | Zot:4    | Identified the +0 chain mail of Noymy {Stlth+}
 76335 | Zot:4    | Found a transporter.
 77768 | Zot:3    | Reached skill level 5 in Conjurations
 77786 | Zot:3    | Reached skill level 26 in Shields
 78098 | Zot:3    | Identified a scroll of acquirement
 78234 | Zot:3    | Reached skill level 5 in Throwing
 78353 | Zot:5    | Entered Level 5 of the Realm of Zot
 79170 | Zot:5    | Learned a level 1 spell: Apportation
 79372 | Zot:5    | Noticed an orb of fire
 79377 | Zot:5    | Noticed an orb of fire
 79395 | Zot:5    | Noticed an ancient lich
 79402 | Zot:5    | Killed an orb of fire
 79403 | Zot:5    | Killed an orb of fire
 79407 | Zot:5    | Noticed an orb of fire
 79412 | Zot:5    | Noticed an orb of fire
 79713 | Zot:5    | Killed an ancient lich
 79713 | Zot:5    | Gained mutation: You occasionally lose the ability to drink
                  | potions when taking damage. [an orb of fire]
 79718 | Zot:5    | Killed an orb of fire
 79725 | Zot:5    | Killed an orb of fire
 80136 | Zot:5    | Got the Orb of Zot
 80456 | D:15     | Lost mutation: You sometimes lose your temper in combat.
                  | [potion of mutation]
 80456 | D:15     | Lost mutation: You occasionally lose the ability to drink
                  | potions when taking damage. [potion of mutation]
 80456 | D:15     | Lost mutation: You have large cloven feet. [potion of
                  | mutation]
 80710 | D:$      | Escaped with the Orb!

Illustrated notes

Levels and vault maps discovered:
D:1:      minmay_arrival_four_loops, layout_basic, minmay_misc_feat_columns,
          minmay_misc_feat_diagonals
D:2:      kb_forest_paths, layout_basic,
          dreamdust_ecumenical_altar_drowned_temple
D:3:      layout_loops_ring, serial_shops, shop, nicolae_shop_rolled_up,
          nicolae_shop_mannequins, shop_scrolls, nicolae_shop_trees, uniq_robin,
          uniq_jessica
D:4:      layout_rooms, uniq_grinder
D:5:      layout_basic, uniq_duvessa, uniq_blork_the_orc
D:6:      layout_rooms, temple_garden, uniq_eustachio, uniq_crazy_yiuf_cottage
D:7:      layout_basic, serial_shops, nicolae_shop_scrapyard,
          kennysheep_generic_room_11
D:8:      layout_gridville, enter_bailey_4, gup_ossuary_entry_pyramid
D:9:      layout_basic, nicolae_overflow_two_pavilions, serial_shops, shop,
          gammafunk_ghost_hive, uniq_erica
D:10:     layout_grid_maze, lair_entry_dummy, zombieorc2_lemuel, serial_shops,
          shop, minmay_unpleasant_kobolds
D:11:     minmay_s_stair_smasher, layout_basic, minmay_shattered_shrine,
          uniq_psyche
D:12:     layout_roguey, worms_lemuel, uniq_snorg
D:13:     layout_loops_corners, david_vaults_1,
          portal_ice_cave_entry_ice_simulacra
D:14:     layout_cave_pools, serial_park, serial_park_tiny_1,
          serial_park_square3 [serial_park_minivault_5x5_2],
          serial_park_avenue1, serial_park_tiny_1, chequers_serial_rivers_marsh,
          hangedman_decor_points
D:15:     gammafunk_depths_entry_grave, layout_gridville,
          small_statue_intersection, corexii_leaking_fountain, uniq_jorgrun,
          uniq_louise
Temple:   nicolae_temple_bog_church
Lair:1:   layout_gridlike, special_room [special_room_bee]
Lair:2:   layout_loops_ring, minmay_snake_entry_guardpost_small,
          hellmonk_guarded_unrand_vines
Lair:3:   layout_misc_corridors, minmay_swamp_entry_reptiles
Lair:4:   layout_regular_city, slime_entry_1, serial_bayou_pond_e,
          beast_lair_carwin_4
Lair:5:   hellmonk_lair_end_abyssal_woods, layout_small_grid,
          nicolae_lair_yak_garden
Swamp:1:  layout_falls_marsh, nicolae_swamp_small_spring
Swamp:2:  layout_falls_marsh, ebering_ghost_disaster_area,
          evilmike_swamp_ruin_rubble_2, swamp_pool2
Swamp:3:  layout_falls_marsh, evilmike_swamp_ruin_house_2
Swamp:4:  swamp_icy, layout_basic_swamp, uniq_kirke
Snake:1:  layout_gridlike, hangedman_snake_corridor_cut
Snake:2:  layout_grid_shapes, guppyfry_snake_island, serial_bayou_shore_a
Snake:3:  layout_honeycomb, minmay_shop_star
Snake:4:  minmay_snake_end_coiled, layout_cave_town
Orc:1:    orc_temple, layout_caves
Orc:2:    st_orc_open, layout_caves
Elf:1:    minmay_elf_arrival_circle, layout_rooms, serial_shops,
          nicolae_shop_tiny_waterfront, minmay_elf_demonology,
          nicolae_elf_theology_debate
Elf:2:    nicolae_elf_blades_splatter_lattice [nicolae_blade_entry_antechamber],
          layout_gridlike
Elf:3:    elf_hall, layout_gridlike, grunt_megastairs_4
Vaults:1: gammafunk_ghost_grave, v_misc_30, ontoclasm_vaults_spin,
          nicolae_vaults_bisected_exclaves, nicolae_vaults_circle_grid_a,
          nicolae_vaults_closet_pinwheel_1, v_misc_15, nicolae_vaults_swerve,
          nicolae_vaults_layer_cake_slice, nicolae_vaults_yaktaur_gun_rack,
          nicolae_vaults_little_squares_4, v_misc_22, v_misc_2,
          nicolae_vaults_trapezoid_3, layout_vaults_omnibox, serial_shops,
          nicolae_shop_bloodbath_and_beyond, uniq_donald
Vaults:2: minmay_crypt_entry_simple_sparse, vaults_mumra_hexcomb,
          nicolae_vaults_ring_of_whatevers, v_misc_18, v_alt_pattern_1,
          vaults_room_corners, nicolae_vaults_apartment_1,
          vaults_standard_mumra_enter_the_diamond, vaults_room_stairs_pillars,
          nicolae_vaults_bisected_slash, layout_vaults_big_room, serial_shops,
          shop
Vaults:3: nicolae_vaults_little_squares_5, nicolae_vaults_mitosis,
          grunt_vaults_diagonal, v_alt_pattern_5,
          hangedman_vaults_stretched_pinwheel, nicolae_vaults_storage_closets_1,
          nicolae_vaults_closet_pinwheel_1, ontoclasm_vaults_ligature,
          nicolae_vaults_tetromino_T_1, layout_vaults_quadrants, enter_trove_1,
          uniq_bai_suzhen
Vaults:4: vaults_mumra_hex, v_misc_27, nicolae_vaults_octagons,
          nicolae_vaults_doubleplus_tesselated, nicolae_vaults_steering_wheel,
          nicolae_vaults_closet_pinwheel_6, ontoclasm_vaults_ring_small,
          ontoclasm_vaults_decontamination, nicolae_vaults_wine_cellar,
          ontoclasm_vaults_ring_square, vaults_room_stairs_pillars,
          nicolae_vaults_little_squares_5, nicolae_vaults_specimen_jars,
          ontoclasm_vaults_tryst, layout_vaults_maze_bifur, serial_shops,
          nicolae_square_shop, uniq_frederick
Vaults:5: uniq_mennas, uniq_xtahua
Crypt:1:  layout_regular_city, basic_altar, uniq_josephina
Crypt:2:  layout_misc_corridors, grunt_megastairs_1, uniq_grunn
Crypt:3:  due_elkab, layout_chaotic_city
Depths:1: layout_twisted_cross, hell_entry, minmay_misc_feat_plants,
          abyss_entry_small_statue_room, nicolae_figureground_pulse,
          firewood_loft, serial_bayou_shore_b
Depths:2: kennysheep_scales, layout_cave_shapes, enter_ziggurat_d, pan_entry,
          hell_entry, marbit_kobold_abyss_entry, lemuel_statue_altar
Depths:3: minmay_the_grid_triangle_9x9_rhombus_thin
          [minmay_the_grid_triangle_9x9_flanged_cone,
          minmay_the_grid_triangle_9x9_prize_center,
          minmay_the_grid_triangle_9x9_thin_v,
          minmay_the_grid_triangle_9x9_pentomino_pain], layout_basic,
          infiniplex_enter_wizlab_spiral, abyss_entry,
          grunt_hell_entry_dis_grunt, nicolae_concentric_dashed_squares_wild,
          uniq_sojobo, uniq_margery
Depths:4: grunt_zot_entry_tricorne, layout_basic,
          hangedman_abyss_or_decor_jellyfish_corner, lightli_too_deep
Hell
Zot:1:    layout_misc_corridors, skrybe_zot_glass_2
Zot:2:    grunt_zot_stairs_faceoff, layout_basic
Zot:3:    kennysheep_six_static_rooms, layout_concentric_octagons,
          gammafunk_ghost_ooze
Zot:4:    layout_concentric_octagons, nicolae_diode_basic
Zot:5:    layout_twisted_circle

Skill      XL: |  1  2  3  4  5  6  7  8  9 10 11 12 13 14 15 16 17 18 19 20 21 22 23 24 25 26 27 |
---------------+----------------------------------------------------------------------------------+-----
Fighting       | 4 5 6 7 10 13 16 19 20 21 22 23 24 | 24.1
Axes           | 5 6 7 8 9 11 15 17 18 | 18.0
Armour         | 1 2 3 4 7 8 10 12 13 16 18 20 21 22 23 24 25 | 25.7
Dodging        | 1 4 5 7 8 10 | 10.1
Evocations     | 2 4 9 10 12 14 15 16 17 | 17.0
Fire Magic     | 4 6 |  6.0
Spellcasting   | 2 3 4 5 7 |  7.0
Conjurations   | 2 4 6 |  6.6
Throwing       | 2 4 6 |  6.0
Translocations | 4 5 7 8 10 11 | 11.3
Shields        | 12 15 17 19 21 22 23 24 25 26 | 26.2
Air Magic      | 2 5 |  5.0
Staves         | 4 5 |  5.0

Action                     |  1- 3 |  4- 6 |  7- 9 | 10-12 | 13-15 | 16-18 | 19-21 | 22-24 | 25-27 || total
---------------------------+-------+-------+-------+-------+-------+-------+-------+-------+-------++-------
  Melee: Hand axe          |    94 |    79 |       |       |    10 |    25 |    12 |   977 |    56 ||  1253
         Punch             |       |     1 |     1 |     4 |    18 |     6 |       |       |       ||    30
         Whip              |       |    25 |   302 |    15 |    24 |     7 |       |       |       ||   373
         Broad axe         |       |       |       |   387 |   904 |  1369 |  1390 |  1337 |  1642 ||  7029
         Glaive            |       |       |       |    12 |       |       |       |       |       ||    12
         Unarmed           |       |       |       |       |       |     2 |       |       |       ||     2
         Staff             |       |       |       |       |       |       |       |       |    49 ||    49
   Fire: Sling             |       |       |       |     3 |       |       |       |       |       ||     3
  Throw: Javelin           |       |     5 |     3 |     3 |     4 |     1 |     7 |     3 |       ||    26
         Dart              |       |       |       |    13 |    15 |     1 |     1 |     5 |     2 ||    37
         Boomerang         |       |       |       |       |     2 |       |       |       |       ||     2
   Cast: Scorch            |    15 |     1 |     2 |    54 |    65 |    27 |   109 |    91 |     5 ||   369
         Blink             |       |       |       |       |       |     4 |    15 |    15 |     6 ||    40
         Manifold Assault  |       |       |       |       |       |       |       |    12 |    11 ||    23
         Vhi's Electric Ch |       |       |       |       |       |       |       |    39 |   151 ||   190
         Passage of Golubr |       |       |       |       |       |       |       |     2 |     5 ||     7
         Foxfire           |       |       |       |       |       |       |       |     1 |     1 ||     2
         Apportation       |       |       |       |       |       |       |       |       |     1 ||     1
 Invoke: Fiery Armour      |       |     2 |       |     3 |     1 |       |       |     3 |     2 ||    11
Ability: Evoke the Staff o |       |       |       |       |       |       |       |     2 |    61 ||    63
  Evoke: Wand              |       |       |       |     7 |     6 |     4 |    12 |    20 |    12 ||    61
         Lightning rod     |       |       |       |       |       |     5 |     3 |     9 |       ||    17
         Phantom mirror    |       |       |       |       |       |       |     3 |     2 |     2 ||     7
         Condenser vane    |       |       |       |       |       |       |     3 |     3 |     2 ||     8
         Box of beasts     |       |       |       |       |       |       |     1 |     1 |     2 ||     4
         Horn of Geryon    |       |       |       |       |       |       |       |     1 |     2 ||     3
    Use: Scroll            |       |     5 |    17 |     5 |    11 |     4 |     7 |    21 |    17 ||    87
         Potion            |       |     1 |     3 |     4 |     2 |     8 |    10 |    11 |    12 ||    51
   Stab: Invisible         |       |       |     1 |       |       |       |       |       |       ||     1
         Distracted        |       |       |       |       |     2 |     1 |       |     1 |     3 ||     7
 Armour: Robe              |    13 |       |       |       |       |       |       |       |       ||    13
         Chain mail        |    16 |    61 |    56 |       |    43 |       |       |   528 |       ||   704
         Ring mail         |       |       |    50 |    84 |   244 |   514 |    32 |       |       ||   924
         Steam dragon scal |       |       |       |    38 |    54 |       |       |       |       ||    92
         Scale mail        |       |       |       |       |       |       |   433 |    97 |       ||   530
         Storm dragon scal |       |       |       |       |       |       |       |   472 |   758 ||  1230
  Dodge: Dodged            |    45 |    30 |    99 |   153 |   416 |   656 |   537 |   806 |   511 ||  3253
  Block: Other             |       |       |    57 |    70 |    75 |       |       |       |       ||   202
         Reflection        |       |       |     2 |     7 |     5 |     6 |    90 |    49 |    40 ||   199
         Kite shield       |       |       |       |       |       |   465 |   832 |  1553 |  1061 ||  3911

Table legend: (Time is in decaauts)
 A = Elapsed time spent in this place.
 B = Non-inter-level travel time spent in this place.
 C = Inter-level travel time spent in this place.
 D = Time resting spent in this place.
 E = Time spent auto-exploring this place.
 F = Levels seen in this place.
 G = Mean time per level.
                   A        B        C        D        E       F      G
               +--------+--------+--------+--------+--------+-----+--------+
         Total |  79148 |  70098 |   9050 |  21266 |  24070 |  67 | 1181.3 |
       Dungeon |  19806 |  15787 |   4019 |   2922 |   8171 |  15 | 1320.4 |
        Temple |    198 |    177 |     21 |      0 |    154 |   1 |  198.0 |
          Lair |   6879 |   6132 |    747 |   1333 |   2874 |   5 | 1375.8 |
         Swamp |   3231 |   3029 |    202 |    846 |   1083 |   4 |  807.8 |
     Snake Pit |   4963 |   4737 |    226 |    875 |   1977 |   4 | 1240.8 |
  Orcish Mines |   1290 |   1158 |    132 |    400 |    369 |   2 |  645.0 |
   Elven Halls |   4852 |   4645 |    207 |   1747 |   1359 |   3 | 1617.3 |
        Vaults |  11614 |  10255 |   1359 |   3280 |   3014 |   5 | 2322.8 |
         Crypt |   4351 |   4271 |     80 |   1377 |   1475 |   3 | 1450.3 |
        Depths |  10544 |   9269 |   1275 |   3571 |   2582 |   4 | 2636.0 |
          Hell |     20 |     20 |      0 |      0 |      0 |   1 |   20.0 |
           Zot |   7599 |   6824 |    775 |   3046 |    759 |   5 | 1519.8 |
         Abyss |    349 |    349 |      0 |     39 |      0 |   2 |  174.5 |
      Ziggurat |   1717 |   1717 |      0 |   1294 |      0 |   9 |  190.8 |
       Ossuary |    184 |    184 |      0 |      0 |      0 |   1 |  184.0 |
        Bailey |    570 |    570 |      0 |    307 |      0 |   1 |  570.0 |
      Ice Cave |    580 |    580 |      0 |    160 |    215 |   1 |  580.0 |
        Wizlab |    392 |    392 |      0 |     67 |     37 |   1 |  392.0 |
               +--------+--------+--------+--------+--------+-----+--------+

Top non-repeatable levels by time:
Depths:4: 3761 daAuts
    D:11: 2730 daAuts
    D:10: 2715 daAuts
Depths:1: 2698 daAuts
Vaults:2: 2675 daAuts
Vaults:5: 2639 daAuts
 Crypt:3: 2366 daAuts
Vaults:1: 2324 daAuts
   Elf:3: 2227 daAuts
Depths:3: 2188 daAuts
Vaults:4: 2167 daAuts
   Zot:4: 2148 daAuts
  Lair:1: 1981 daAuts
Depths:2: 1897 daAuts
Vaults:3: 1807 daAuts
